 Dungeon Crawl Stone Soup version 0.26.1-2-gb8aa6d0cf2 (webtiles) character file.

Game seed: 5032182194432276910

1108 Goaboa the Chopper (level 8, -7/106 HPs)
             Began as a Hill Orc Monk on Feb 12, 2021.
             Was a Believer of Qazlal.
             Killed by divine providence
             ... invoked by an orc priest
              (10 damage)
             ... on level 6 of the Dungeon.
             The game lasted 00:44:49 (7924 turns).

Goaboa the Chopper (Hill Orc Monk)                  Turns: 7924, Time: 00:44:50

Health: -7/106     AC: 24    Str: 16    XL:     8   Next: 33%
Magic:  8/8        EV:  2    Int: 10    God:    Qazlal [**....]
Gold:   286        SH: 13    Dex: 13    Spells: 7/7 levels left

rFire    + . .     SeeInvis +   a - +1 hand axe
rCold    x . .     Faith    .   h - +1 kite shield
rNeg     + + +     Spirit   .   (armour currently unavailable)
rPois    +         Reflect  .   (helmet currently unavailable)
rElec    .         Harm     .   (cloak currently unavailable)
rCorr    .         Rampage  .   (gloves currently unavailable)
Will     .....     NoTele   +   (boots currently unavailable)
Stlth    +.........             (no amulet)
HPRegen  0.27/turn              B - ring of see invisible
MPRegen  0.11/turn              k - ring of fire

@: tree-form
A: no striking features
a: Renounce Religion, Convert to Beogh, Upheaval


You were on level 6 of the Dungeon.
You worshipped Qazlal.
Qazlal was pleased with you.
You were a tree.
You visited 1 branch of the dungeon, and saw 6 of its levels.

You collected 286 gold pieces.

Inventory:

Hand Weapons
 a - a +1 hand axe (weapon)
 g - a +0 flail
 z - a +0 dagger
 C - a +0 mace
Missiles
 w - 6 poisoned darts
 y - 7 boomerangs (quivered)
Armour
 b - a +0 robe
 e - a +2 pair of boots (melded)
 h - a +1 kite shield (worn)
 r - a +0 ring mail
 t - a +0 cloak (melded)
 u - a +0 chain mail (melded)
Magical Staves
 q - an uncursed staff of cold
Jewellery
 k - a ring of fire (right branch)
 B - a ring of see invisible (left branch)
 F - an uncursed ring of teleportation
Wands
 D - a wand of disintegration (2)
Scrolls
 c - a scroll of amnesia {unknown}
 d - 5 scrolls of remove curse
 f - 4 scrolls of identify
 v - a scroll of teleportation
Potions
 i - a potion of brilliance {unknown}
 l - 2 potions of flight
 n - a potion of attraction {unknown}
 p - a potion of berserk rage {unknown}
 s - a potion of ambrosia {unknown}
 x - a potion of lignification
 A - a potion of invisibility {unknown}


   Skills:
 + Level 6.9 Fighting
 + Level 7.6 Axes
 + Level 4.4 Armour
 - Level 2.6 Dodging
 - Level 1.6 Stealth
 + Level 4.9 Shields


You had 7 spell levels left.
You didn't know any spells.
Your spell library was empty.

Dungeon Overview and Level Annotations

Branches:
Dungeon (6/15)
 Temple: D:4-7

Altars:
Dithmenos
Fedhas
Gozag
Okawaru
Qazlal
Ru

Shops:
D:4 }

Annotations:
D:4 1 runed translucent door, PentaManta's ghost, weakling SpAK


Message History

You hit the orc priest but do no damage.
The orc priest is moderately wounded.
You block the orc priest's attack.
You barely miss the orc priest.
The orc priest is moderately wounded.
The orc priest calls down the wrath of Beogh upon you.
Beogh smites you!
* * * LOW HITPOINT WARNING * * *
Okay, then.
You barely miss the orc priest.
The orc priest is moderately wounded.
You block the orc priest's attack.
You hit the orc priest but do no damage.
The orc priest is moderately wounded.
The orc priest hits you but does no damage.
You hit the orc priest but do no damage.
The orc priest is moderately wounded.
The orc priest calls down the wrath of Beogh upon you.
Beogh smites you!
You die...

***#####*#..####.#
*,**,****** *,,.....##.##
#.# *,**,* ,,###*#....#
*.#*****,**,* ,##..$##..##
*,,<,,,,.#*,*
,#$[∩55#..############..#*,*
,##.[.##................#*,*
,,#####..#..#####......[.,,*
,,,............o)........***
,,..#..#.#..####♣§.####..***
,,,*##.#.#..............,,,*
,,,,*........###...#####**,*
,,,,..5......#*##.## *,*
,**#.#........,,..# *,*
,***......#.###*### *,*
,,,,.....)..# *,*
****#.....### *,* *,,*,**
***** *^*


You could see an orc priest.

Vanquished Creatures
  An orc warrior (D:6)
  2 centaurs
  A water moccasin zombie (D:5)
  2 howler monkeys
  A bullfrog zombie (D:6)
  3 hounds
  3 orc priests
  2 jellies
  An iguana (D:4)
  6 worker ants
  Ijyb (D:5)
  2 orc wizards (D:4)
  A killer bee zombie (D:5)
  A hound skeleton (D:4)
  4 adders
  2 shadow imps
  3 white imps (D:6)
  An ooze (D:6)
  An adder zombie (D:5)
  4 adder skeletons
  4 worms
  2 leopard geckos
  12 orcs
  8 bats
  5 giant cockroaches
  2 goblins (D:1)
  8 hobgoblins
  5 jackals
  A quokka (D:4)
  6 frilled lizards
  6 kobolds
  2 leopard gecko skeletons
  6 rats
109 creatures vanquished.

Notes
Turn   | Place    | Note
-------+----------+-------------------------------------------
     0 | D:1      | Goaboa the Hill Orc Monk began the quest for the Orb.
     0 | D:1      | Reached XP level 1. HP: 19/19 MP: 1/1
   108 | D:1      | Reached XP level 2. HP: 15/27 MP: 2/2
   719 | D:1      | Reached XP level 3. HP: 24/33 MP: 3/3
  1140 | D:2      | Reached skill level 1 in Shields
  1575 | D:2      | HP: 1/33 [poisoned by an adder]
  1884 | D:2      | Reached skill level 5 in Axes
  1884 | D:2      | Reached XP level 4. HP: 11/41 MP: 4/4
  2606 | D:2      | Found a sacrificial altar of Ru.
  3424 | D:3      | HP: 2/41 [orc priest/divine providence (16)]
  3426 | D:3      | Reached skill level 1 in Armour
  3426 | D:3      | Reached XP level 5. HP: 2/47 MP: 5/5
  3937 | D:3      | Found a shadowy altar of Dithmenos.
  4286 | D:4      | Found a runed translucent door.
  4287 | D:4      | Noticed PentaManta's ghost (weakling SpAK)
  4299 | D:4      | Found a blossoming altar of Fedhas.
  4347 | D:4      | Reached skill level 5 in Fighting
  4402 | D:4      | Reached XP level 6. HP: 52/56 MP: 6/6
  4496 | D:4      | Found a stormy altar of Qazlal.
  4499 | D:4      | Noticed an air elemental
  4499 | D:4      | Noticed a water elemental
  4499 | D:4      | Noticed a fire elemental
  4505 | D:4      | Became a worshipper of Qazlal Stormbringer
  4505 | D:4      | Reached * piety under Qazlal
  4505 | D:4      | Reached ** piety under Qazlal
  4708 | D:4      | Reached skill level 6 in Axes
  4797 | D:4      | Reached XP level 7. HP: 47/62 MP: 7/7
  5111 | D:4      | Found Kicit's Gadget Boutique.
  5406 | D:5      | Entered Level 5 of the Dungeon
  6320 | D:5      | Noticed Ijyb
  6336 | D:5      | Killed Ijyb
  6744 | D:5      | Reached skill level 7 in Axes
  7014 | D:5      | Found an iron altar of Okawaru.
  7410 | D:6      | Reached XP level 8. HP: 39/71 MP: 8/8
  7664 | D:6      | Found an opulent altar of Gozag.
  7921 | D:6      | HP: 2/106 [orc priest/divine providence (9)]
  7924 | D:6      | Killed from afar by an orc priest

Illustrated notes

Levels and vault maps discovered:
D:1:      mrwooster_arrival_statue, layout_basic
D:2:      layout_loops_ring, nicolae_ru_path_of_blood, minmay_pentomino_s2
D:3:      layout_loops_ring, nicolae_overflow_hidden_temple, serial_aquarium,
          aquarium_bridge_square [aquarium_subvault_bridge,
          aquarium_subvault_wall, aquarium_subvault_wall,
          aquarium_subvault_wall], aquarium_window_corner, aquarium_window_fake,
          aquarium_window_1, aquarium_window_1, aquarium_view_2c,
          aquarium_view_2e, aquarium_pool_1, chequers_serial_rivers_micro_c
D:4:      layout_gridville, kennysheep_little_box, serial_shops,
          nicolae_shop_window_shopping, ebering_ghost_sewer_d,
          nicolae_qazlal_style_of_elements
D:5:      layout_loops_ring, kennysheep_mini, cheibrodos_sewer_entry_bend,
          uniq_ijyb
D:6:      cheibrodos_quashed, layout_loops_ring, nicolae_overflow_crystal_walls,
          lemuel_coloured_pillars_altar

Skill      XL: |  1  2  3  4  5  6  7  8 |
---------------+-------------------------+-----
Fighting       | 4 5 6 |  6.9
Shields        | 1 2 3 4 |  4.9
Axes           | 5 6 7 |  7.6
Armour         | 1 2 3 4 |  4.4
Dodging        | |  2.6
Stealth        | |  1.6

Action                   |  1- 3 |  4- 6 |  7- 9 || total
-------------------------+-------+-------+-------++-------
Melee: Hand axe          |   157 |   183 |   276 ||   616
Throw: Boomerang         |       |    17 |     9 ||    26
Evoke: Wand              |       |       |     4 ||     4
  Use: Potion            |     1 |     5 |     1 ||     7
       Scroll            |       |     3 |     9 ||    12
 Stab: Sleeping          |     3 |       |       ||     3
Armor: Robe              |    30 |     8 |       ||    38
       Chain mail        |       |    97 |    91 ||   188
       Ring mail         |       |     1 |       ||     1
       Skin              |       |       |     8 ||     8
Dodge: Dodged            |    66 |    31 |    32 ||   129
Block: Kite shield       |    45 |    77 |   139 ||   261
